 Dungeon Crawl Stone Soup version 0.29.1-1-gd02db6906a (webtiles) character file.

Game seed: 3050901809219402126

2 unlimited1921 the Magician (level 1, -4/15 HPs)
             Began as a Djinni Fire Elementalist on Oct 5, 2022.
             Slain by a hobgoblin (5 damage)
             ... on level 1 of the Dungeon.
             The game lasted 00:00:45 (206 turns).

unlimited1921 the Magician (DjFE)                    Turns: 206, Time: 00:00:45

Health: -4/15      AC:  2    Str:  7    XL:     1   Next: 44%
Gold:   0          EV: 12    Int: 16    God:
                   SH:  0    Dex: 13

rFire   + + .      SeeInvis .   b - +0 short sword
rCold   x . .      Faith    .   (no shield)
rNeg    . . .      Spirit   .   a - +0 robe
rPois   ∞          Reflect  .   (no helmet)
rElec   .          Harm     .   (no cloak)
rCorr   .          Rampage  .   (no gloves)
Will    .....                   (boots unavailable)
Stlth   ++........              (no amulet)
HPRegen 0.05/turn               (no ring)
MPRegen 0.00/turn               (no ring)

@: flying
A: sickness immunity, fire resistance 2, cold vulnerability 1, float, innate
caster, HP casting, extra vitality 1
a: no special abilities


You were on level 1 of the Dungeon.
You visited 1 branch of the dungeon, and saw 1 of its levels.

Inventory:

Hand Weapons
 b - a +0 short sword (weapon)
Missiles
 d - 6 stones
 e - 4 poisoned darts
Armour
 a - a +0 robe (worn)
Scrolls
 c - a scroll of acquirement {unknown}


   Skills:
 + Level 2.2 Dodging
 + Level 1.5 Stealth
 + Level 2.5 Spellcasting


You couldn't memorise any spells.
You knew the following spells:

 Your Spells              Type           Power      Damage    Failure   Level
a - Foxfire               Conj/Fire      40%        2x1d6     7%          1
b - Scorch                Fire           20%        2d6       11%         2
c - Conjure Flame         Conj/Fire      10%        6-21      21%         3
d - Inner Flame           Hex/Fire       10%        N/A       21%         3
e - Flame Wave            Conj/Fire      10%        2d6       56%         4
Your spell library was empty.

Dungeon Overview and Level Annotations

Branches:
Dungeon (1/15)

Altars:


Innate Abilities, Weirdness & Mutations

You are immune to sickness and miasma.
You are immune to poison.
Your flesh is very heat resistant. (rF++)
You are vulnerable to cold. (rC-)
You float through the air rather than walking.
You learn spells naturally, not from books.
Your magical power is your life essence.
You have superior vitality. (+4 MHP)


Message History

Your foxfire dissipates!
Your foxfire dissipates!
HP restored.
Found 6 stones.
Found 4 poisoned darts.
You see here 6 stones.
d - 6 stones
Found an escape hatch in the floor.
There are no items here.
You see here 4 poisoned darts.
e - 4 poisoned darts A kobold comes into view.
It is wielding a +0 short sword.
The kobold shouts!
You hear a shout!
A hobgoblin comes into view.
You hit the kobold but do no damage.
The kobold hits you with a +0 short sword.
You closely miss the kobold. The kobold misses you.
You hit the kobold but do no damage.
The kobold hits you with a +0 short sword.
You barely miss the kobold.
The kobold hits you with a +0 short sword. x2
You miss the kobold. The hobgoblin closely misses you.
The kobold hits you with a +0 short sword.
You hit the kobold.
The kobold is moderately wounded.
The hobgoblin hits you. The kobold hits you but does no damage.
You barely miss the kobold.
The kobold is moderately wounded.
The hobgoblin misses you. The kobold misses you.
You barely miss the kobold.
The kobold is moderately wounded.
The hobgoblin hits you.
* * * LOW HITPOINT WARNING * * *
The kobold misses you.
You hit the kobold.
You kill the kobold!
The hobgoblin hits you.
* * * LOW HITPOINT WARNING * * *
The hobgoblin hits you.
You die...

#.##############
#####..............#
#..................#
#..................#
#..................#
######>............##
##.............#
#.............#
#@g...........#
#.............##
+.............>#
#..............#
#..............#
#..............#
#..............#
#..............#
##########†###


You could see a hobgoblin.

Vanquished Creatures
  A giant cockroach (D:1)
  2 kobolds (D:1)
3 creatures vanquished.

Vanquished Creatures (others)
  11 foxfires (D:1)
11 creatures vanquished.

Grand Total: 14 creatures vanquished

Notes
Turn   | Place    | Note
-------+----------+-------------------------------------------
     0 | D:1      | unlimited1921 the Djinni Fire Elementalist began the quest
                  | for the Orb.
     0 | D:1      | unlimited1921 set off with the following spells memorised:
                  | Foxfire, Scorch, Conjure Flame, Inner Flame, Flame Wave.
     0 | D:1      | Reached XP level 1. HP: 15/15 MP: 0/0
   206 | D:1      | Slain by a hobgoblin

Illustrated notes

Levels and vault maps discovered:
D:1:      minmay_arrival_three_doors, layout_basic,
          shapermc_ecumenical_altar_starsandcircs

Action                   || total
-------------------------++-------
Melee: Short sword       ||    10
 Cast: Foxfire           ||     7
Armor: Robe              ||     1
Dodge: Dodged            ||     5
